 Dungeon Crawl Stone Soup version 0.20.1-1-g8b1a95d (webtiles) character file.

315 dohliylev the Sneak (level 6, -3/42 HPs)
             Began as a Vampire Enchanter on Dec 7, 2017.
             Slain by a centaur (5 damage)
             ... on level 5 of the Dungeon.
             The game lasted 00:15:30 (4180 turns).

dohliylev the Sneak (Vampire Enchanter)             Turns: 4180, Time: 00:15:30

Health: -3/42      AC:  4    Str:  7    XL:     6   Next: 19%
Magic:  2/11       EV: 13    Int: 18    God:
Gold:   37         SH:  0    Dex: 16    Spells: 5/11 levels left

rFire    . . .     SeeInvis +   a - +1 dagger
rCold    . . .     Gourm    .   (no shield)
rNeg     + . .     Faith    .   b - +0 robe
rPois    .         Spirit   .   f - +0 helmet
rElec    .         Reflect  .   (no cloak)
rCorr    .         Harm     .   h - +0 pair of gloves
MR       .....                  (no boots)
Stlth    ++++......             (no amulet)
Regen    0.2/turn               m - ring of wizardry
MPRegen  0.2/turn               t - ring of stealth

@: no status effects
A: fangs 3, see invisible, unbreathing
a: Bat Form


You were on level 5 of the Dungeon.
You were not thirsty.

You visited 1 branch of the dungeon, and saw 5 of its levels.

You collected 37 gold pieces.

Inventory:

Hand Weapons
 a - a +1 dagger (weapon)
Armour
 b - a +0 robe (worn)
 f - a +0 helmet (worn)
 h - a +0 pair of gloves (worn)
Jewellery
 m - a ring of wizardry (left hand)
 n - a +3 ring of strength
 t - a ring of stealth (right hand)
Wands
 g - a wand of paralysis (13/24)
 q - a wand of disintegration (11/24)
Scrolls
 e - 2 scrolls of teleportation {unknown}
 k - 3 scrolls of random uselessness {unknown}
 l - 2 scrolls of remove curse {unknown}
 o - a scroll of blinking {unknown}
 r - a scroll of identify {unknown}
 s - a scroll of enchant armour {unknown}
Potions
 i - a potion of curing {unknown}
 j - a potion of brilliance {unknown}
 p - a potion of might {unknown}
Books
 c - a book of Maledictions

   Spells                             Type                      Level
   a - Corona                         Hexes                        1
   b - Ensorcelled Hibernation        Hexes/Ice                    2
   c - Confuse                        Hexes                        3
   d - Tukima's Dance                 Hexes                        3
   e - Dazzling Spray                 Conjuration/Hexes            3


   Skills:
 + Level 0.3 Fighting
 + Level 2.4 Short Blades
 + Level 2.8 Dodging
 + Level 6.6 Stealth
 + Level 0.2 Unarmed Combat
 + Level 3.3 Spellcasting
 + Level 6.2 Hexes
 + Level 1.2 Ice Magic


You had 5 spell levels left.
You knew the following spells:

 Your Spells              Type           Power        Failure   Level  Hunger
a - Corona                Hex            ####...      1%          1    None
b - Ensorcelled Hibernat  Hex/Ice        ###...       2%          2    ##.....
c - Confuse               Hex            ####....     1%          3    ###....


Dungeon Overview and Level Annotations

Branches:
Dungeon (5/15)
 Temple: D:4-7

Altars:
Ashenzari

Annotations:
D:3 dscm's ghost, weakling DsFi
D:4 Dowan


Innate Abilities, Weirdness & Mutations

You have razor-sharp teeth.
You have supernaturally acute eyesight. (SInv)
You can survive without breathing.


Message History

You hit the centaur.
The centaur is lightly wounded.
The centaur hits you.
* * * LOW HITPOINT WARNING * * *
You hit the centaur but do no damage.
The centaur is lightly wounded.
The centaur misses you.
You hit the centaur.
The centaur is moderately wounded.
The centaur completely misses you.
Casting: Ensorcelled Hibernation
Confirm with . or Enter, or press ? or * to list all spells.
You don't have enough magic to cast that spell.
Unknown command.
You hit the centaur but do no damage.
The centaur is moderately wounded.
The centaur hits you.
* * * LOW HITPOINT WARNING * * *
The centaur hits you.
You die...

.Z.######..)(....# #>#
.#.....##........# #>#
.#####....5#.###(# #.#
.# #.....#.# #.# #.#
...........#.# #.# #.#
######.....#$###.####.#
#.. ...c...#...#(##...#
#?# ########...#.##.###
#.# ####...#@#..#
#.#######......#c#.##
..#.......# #..<..#
.........# ##..###
....#..###### #..#
######......###.## #
######......# #
####.#.# # #...#


You could see a centaur.

Vanquished Creatures
  Eustachio (D:5)
  A scorpion (D:4)
  A howler monkey (D:5)
  A gnoll (D:4)
  4 adders
  An ooze (D:1)
  2 dart slugs (D:3)
  2 leopard geckos
  An orc (D:3)
  6 bats
  2 giant cockroaches
  4 goblins
  4 hobgoblins
  4 jackals
  A quokka (D:2)
  3 frilled lizards
  4 kobolds
  2 rats (D:2)
44 creatures vanquished.

Notes
Turn   | Place    | Note
-------+----------+-------------------------------------------
     0 | D:1      | dohliylev the Vampire Enchanter began the quest for the Orb.
     0 | D:1      | Reached XP level 1. HP: 13/13 MP: 3/3
   534 | D:1      | Reached XP level 2. HP: 19/19 MP: 5/5
   541 | D:1      | Learned a level 2 spell: Ensorcelled Hibernation
   591 | D:1      | Reached skill level 5 in Stealth
   931 | D:2      | Found a shattered altar of Ashenzari.
  1200 | D:2      | Reached XP level 3. HP: 11/24 MP: 0/6
  1974 | D:3      | Noticed dscm's ghost (weakling DsFi)
  2093 | D:3      | Learned a level 3 spell: Confuse
  2899 | D:3      | Reached XP level 4. HP: 30/30 MP: 4/7
  3377 | D:4      | Noticed a phantom
  3378 | D:4      | Noticed Dowan
  3393 | D:4      | Reached skill level 5 in Hexes
  3537 | D:4      | Reached XP level 5. HP: 15/35 MP: 4/9
  3597 | D:5      | Entered Level 5 of the Dungeon
  3855 | D:5      | Noticed an ogre
  3961 | D:5      | Noticed a centaur
  4066 | D:5      | Noticed Eustachio
  4082 | D:5      | Killed Eustachio
  4082 | D:5      | Reached skill level 1 in Ice Magic
  4082 | D:5      | Reached XP level 6. HP: 17/42 MP: 3/11
  4180 | D:5      | HP: 2/42 [centaur (3)]
  4180 | D:5      | Slain by a centaur

Skill      XL: |  1  2  3  4  5  6 |
---------------+-------------------+-----
Stealth        | 5 6 |  6.6
Hexes          | 5 6 |  6.2
Short Blades   | 2 |  2.4
Spellcasting   | 3 |  3.3
Ice Magic      | 1 |  1.2
Fighting       | |  0.3
Dodging        | |  2.8
Unarmed Combat | |  0.2

Action                   |  1- 3 |  4- 6 || total
-------------------------+-------+-------++-------
Melee: Dagger            |   122 |    57 ||   179
       Bite              |    12 |     4 ||    16
       Unarmed           |       |     2 ||     2
 Cast: Corona            |     5 |     4 ||     9
       Ensorcelled Hiber |    22 |    22 ||    44
       Confuse           |     3 |     4 ||     7
 Abil: End Transformatio |     2 |     3 ||     5
       Bat Form          |     2 |     3 ||     5
  Use: Potion            |     3 |     5 ||     8
 Stab: Sleeping          |    20 |     9 ||    29
  Eat: Corpse            |     2 |     5 ||     7
Armor: Robe              |    53 |     6 ||    59
Dodge: Dodged            |   100 |    58 ||   158
